 Seeded DCSS version 0.32-a0-986-ga09f62fbf4 (webtiles) character file.

Game seed: 10374008042785717688 (custom seed)

602 Chadd the Shooter (level 7, -1/53 HPs)
             Began as a Coglin Hunter on Apr 21, 2024.
             Killed from afar by Ijyb (5 damage)
             ... with a puff of flame
             ... on level 5 of the Dungeon on Apr 22, 2024.
             The game lasted 00:04:30 (3041 turns).

Chadd the Shooter (Coglin Hunter)                   Turns: 3041, Time: 00:04:32

Health: -1/53      AC:  4    Str: 11    XL:     7   Next: 41%
Magic:  7/7        EV: 12    Int:  8    God:
Gold:   270        SH:  0    Dex: 20    Spells: 6/6 levels left

rFire   . . .        a - +2 sling {Prasit}
rCold   . . .        d - +0 sling {Arsinoe}
rNeg    . . .        c - +0 leather armour
rPois   .            (no helmet)
rElec   .            (no cloak)
rCorr   .            f - +0 pair of gloves
SInv    .            (no boots)
Will    .....        (amulet unavailable)
Stlth   ++           (ring unavailable)
HPRegen 0.28/turn    (ring unavailable)
MPRegen 0.10/turn    (no gizmo)

%: no passive effects
@: revved
A: off-hand wielding, slow wielding, warmup strikes, no jewellery
a: Invent Gizmo


You were on level 5 of the Dungeon.
You visited 1 branch of the dungeon, and saw 5 of its levels.

You collected 270 gold pieces.

Inventory:

Hand Weapons
 a - a +2 sling (weapon) {Prasit}
 d - a +0 sling (offhand) {Arsinoe}
Missiles
 u - a poisoned dart
Armour
 c - a +0 leather armour (worn)
 f - a +0 pair of gloves (worn)
Scrolls
 b - 2 scrolls of butterflies
 h - 3 scrolls of immolation {unknown}
 i - 5 scrolls of identify {unknown}
 k - 2 scrolls of enchant weapon {unknown}
 n - 3 scrolls of teleportation {unknown}
 o - a scroll of torment {unknown}
 p - 2 scrolls of enchant armour {unknown}
 t - a scroll of fog {unknown}
 w - a scroll of noise {unknown}
 x - a scroll of blinking {unknown}
 y - a scroll of fear {unknown}
Potions
 e - a potion of ambrosia {unknown}
 g - 3 potions of might {unknown}
 j - a potion of heal wounds {unknown}
 l - a potion of enlightenment {unknown}
 m - a potion of mutation {unknown}
 q - a potion of brilliance {unknown}
 r - 2 potions of berserk rage {unknown}
 s - a potion of curing {unknown}
 v - a potion of resistance {unknown}


   Skills:
 + Level 3.8 Fighting
 + Level 4.8 Ranged Weapons
 * Level 3.1 Throwing
 + Level 3.4 Dodging
 + Level 2.9 Stealth


You had 6 spell levels left.
You didn't know any spells.
Your spell library contained the following spells:

 Spells                   Type           Power      Damage    Failure   Level
 Foxfire                  Conj/Fire      0%         2x1d4     50%         1
 Frozen Ramparts          Ice            0%         1d1       86%         3
 Inner Flame              Hex/Fire       0%         N/A       86%         3
 Ozocubu's Armour         Ice            0%         N/A       86%         3
 Flame Wave               Conj/Fire      0%         2d4       99%         4
 Sticky Flame             Fire/Alch      0%         2d4       99%         4
 Metabolic Englaciation   Hex/Ice        0%         N/A       100%        5


Dungeon Overview and Level Annotations

Branches:
Dungeon (5/15)
 Temple: D:4-7

Altars:
Ashenzari
Fedhas

Annotations:
D:5 Ijyb


Innate Abilities, Weirdness & Mutations

You can wield a second weapon in your off-hand.
It takes a long time for you to wield or remove held weapons.
Your first few attacks do less damage.
You cannot equip rings or amulets.


Message History

Fire: a) +2 sling {Prasit}
Press: ? - help, Q - select action, (/) - cycle Shift-Dir - straight line, f/p - Ijyb
Aim: Ijyb, wielding a +0 club, wearing a +0 ring mail and carrying a wand of flame (moderately wounded, poisoned, 62% to hit)
You shoot a sling bullet. The sling bullet hits Ijyb.
Ijyb is moderately wounded.
You shoot a sling bullet.
The sling bullet hits Ijyb but does no damage.
Ijyb is moderately wounded.
Ijyb zaps a wand.
The puff of flame hits you!
Fire: a) +2 sling {Prasit}
Press: ? - help, Q - select action, (/) - cycle Shift-Dir - straight line, f/p - Ijyb
Aim: Ijyb, wielding a +0 club, wearing a +0 ring mail and carrying a wand of flame (moderately wounded, poisoned, 62% to hit)
You shoot a sling bullet. The sling bullet hits Ijyb.
Ijyb is heavily wounded.
You shoot a sling bullet.
The sling bullet hits Ijyb but does no damage.
Ijyb is heavily wounded.
Ijyb looks more healthy.
Ijyb barely misses you.
Fire: a) +2 sling {Prasit}
Press: ? - help, Q - select action, (/) - cycle Shift-Dir - straight line, f/p - Ijyb
Aim: Ijyb, wielding a +0 club, wearing a +0 ring mail and carrying a wand of flame (heavily wounded, 62% to hit)
You shoot a sling bullet. The sling bullet closely misses Ijyb.
You shoot a sling bullet. The sling bullet hits Ijyb.
Ijyb is heavily wounded.
Ijyb hits you with a +0 club.
* * * LOW HITPOINT WARNING * * *
Unknown command.
Fire: a) +2 sling {Prasit}
Press: ? - help, Q - select action, (/) - cycle Shift-Dir - straight line, f/p - Ijyb
Aim: Ijyb, wielding a +0 club, wearing a +0 ring mail and carrying a wand of flame (heavily wounded, 62% to hit)
You shoot a sling bullet. The sling bullet hits Ijyb.
Ijyb is severely wounded.
You shoot a sling bullet. The sling bullet hits Ijyb.
Ijyb is severely wounded.
Ijyb zaps a wand.
The puff of flame hits you!
* * * LOW HITPOINT WARNING * * *
Ijyb zaps a wand.
The puff of flame hits you.
You die...
Ijyb screams, "Time for next experiment!"

#.######+####..#
#.# ........)..#
#.# #######.#.##
#[# #......#.#
#.# #.#...<#.#
#.# #.#.####.#
#.# ...#. #.#
#.#.(.##. #.#
#@g(..... #.#
##?.....#
......# #...###
...# ...# ...#
..#


You could see Ijyb.

Vanquished Creatures
  An ogre (D:4)
  A scorpion (D:4)
  2 hounds (D:4)
  A quasit (D:4)
  2 bombardier beetles
  2 iguanas
  An orc wizard (D:4)
  3 gnolls (D:2)
  4 adders
  5 shadow imps (D:4)
  5 white imps (D:4)
  5 ufetubi (D:4)
  2 dart slugs
  3 orcs (D:4)
  5 ball pythons
  3 endoplasms
  4 giant cockroaches
  4 goblins
  6 hobgoblins
  4 jackals (D:3)
  2 quokkas
  5 bats
  4 frilled lizards
  3 kobolds
  2 rats
79 creatures vanquished.

Notes
Turn   | Place    | Note
-------+----------+-------------------------------------------
     0 | D:1      | Chadd the Coglin Hunter began the quest for the Orb.
     0 | D:1      | Reached XP level 1. HP: 16/16 MP: 1/1
    29 | D:1      | Found a faded altar of an unknown god.
    33 | D:1      | Got Plato's Lessons on Impulse
   151 | D:1      | Reached skill level 1 in Stealth
   212 | D:1      | Reached XP level 2. HP: 22/22 MP: 2/2
   815 | D:2      | Reached XP level 3. HP: 28/28 MP: 3/3
   902 | D:2      | Reached skill level 4 in Ranged Weapons
   903 | D:2      | Reached XP level 4. HP: 34/34 MP: 4/4
  1480 | D:3      | Found a broken altar of Ashenzari.
  1811 | D:4      | Reached XP level 5. HP: 36/41 MP: 5/5
  1842 | D:4      | Reached skill level 1 in Throwing
  1992 | D:4      | Reached XP level 6. HP: 47/47 MP: 6/6
  2121 | D:4      | Found a blossoming altar of Fedhas.
  2478 | D:4      | Reached XP level 7. HP: 52/52 MP: 7/7
  2970 | D:5      | Entered Level 5 of the Dungeon
  3027 | D:5      | Noticed Ijyb
  3041 | D:5      | Killed from afar by Ijyb

Illustrated notes

Levels and vault maps discovered:
D:1:      eino_arrival_druids_welcome, layout_loops_cross,
          shapermc_ecumenical_altar_rom_forum
D:2:      layout_loops_ring
D:3:      layout_rooms, mainiacjoe_overflow_catwalk
D:4:      layout_loops_ring, lemuel_doored_altar, serial_demonic,
          serial_demonic_a, serial_demonic_d, serial_demonic_g,
          serial_demonic_d, serial_demonic_e, serial_demonic_d,
          kennysheep_path_1
D:5:      layout_basic, minmay_temple_entry_glass, uniq_ijyb

Skill      XL: |  1  2  3  4  5  6  7 |
---------------+----------------------+-----
Stealth        | 1 2 |  2.9
Dodging        | 2 3 |  3.4
Ranged Weapons | 4 |  4.8
Fighting       | 3 |  3.8
Throwing       | 1 2 3 |  3.1

Action                     |  1- 3 |  4- 6 |  7- 9 || total
---------------------------+-------+-------+-------++-------
   Fire: Sling             |    92 |   266 |   124 ||   482
  Throw: Dart              |       |     2 |     2 ||     4
 Armour: Leather armour    |     3 |    28 |    33 ||    64
  Dodge: Dodged            |    10 |    39 |    30 ||    79

Table legend: (Time is in decaauts)
 A = Elapsed time spent in this place.
 B = Non-inter-level travel time spent in this place.
 C = Inter-level travel time spent in this place.
 D = Time resting spent in this place.
 E = Time spent auto-exploring this place.
 F = Levels seen in this place.
 G = Mean time per level.
                   A        B        C        D        E       F      G
               +--------+--------+--------+--------+--------+-----+--------+
         Total |   3094 |   2832 |    262 |    166 |   2213 |   5 |  618.8 |
       Dungeon |   3094 |   2832 |    262 |    166 |   2213 |   5 |  618.8 |
               +--------+--------+--------+--------+--------+-----+--------+

Top non-repeatable levels by time:
     D:4: 1235 daAuts
     D:2: 703 daAuts
     D:1: 673 daAuts
     D:3: 407 daAuts
     D:5: 74 daAuts
